 Dungeon Crawl Stone Soup version 0.31-a0-237-g2d982f9f85 (webtiles) character file.

Game seed: 9665342097558484558

275 qw the Shooter (level 6, -6/36 HPs)
             Began as a Gargoyle Hexslinger on July 10, 2023.
             Mangled by an ogre
             ... wielding a +0 giant club
              (22 damage)
             ... on level 4 of the Dungeon.
             The game lasted 00:01:02 (2274 turns).

qw the Shooter (Gargoyle Hexslinger)                Turns: 2274, Time: 00:01:03

Health: -6/36      AC:  9    Str: 12      XL:     6   Next: 24%
Magic:  7/7        EV: 10    Int: 13      God:
Gold:   93         SH:  0    Dex: 13 (14) Spells: 6/7 levels left

rFire   . . .        Y - +2 sling
rCold   . . .        (no shield)
rNeg    + + .        h - +0 ring mail
rPois   inf          (no helmet)
rElec   +            (no cloak)
rCorr   .            (no gloves)
SInv    .            (no boots)
Will    .....        (no amulet)
Stlth   +            g - ring of positive energy
HPRegen 0.26/turn    (no ring)
MPRegen 0.10/turn

%: no passive effects
@: no status effects
A: sickness immunity, AC +4, negative energy resistance 1, electricity
resistance, torment resistance 1, petrification resistance, deterioration 1
a: no special abilities


You were on level 4 of the Dungeon.
You visited 1 branch of the dungeon, and saw 4 of its levels.

You collected 93 gold pieces.


Innate Abilities, Weirdness & Mutations

You are immune to sickness and miasma.
Your stone body is resilient. (AC +4)
You are immune to poison.
You resist negative energy. (rN+)
You are resistant to electric shocks. (rElec)
You are resistant to unholy torment.
You are immune to petrification.
Your body sometimes deteriorates upon taking damage.


   Skills:
 + Level 2.5 Fighting
 - Level 5.8 Ranged Weapons
 - Level 1.0 Armour
 - Level 1.5 Dodging
 - Level 1.0 Spellcasting
 - Level 2.6 Hexes


You had 6 spell levels left.
You knew the following spells:

 Your Spells              Type           Power      Damage    Failure   Level
a - Slow                  Hex            28%        N/A       22%         1

Your spell library contained the following spells:

 Spells                   Type           Power      Damage    Failure   Level
 Inner Flame              Hex/Fire       4%         N/A       73%         3
 Portal Projectile        Hex/Tloc       8%         N/A       73%         3
 Cause Fear               Hex            3%         N/A       91%         4

Inventory:

Hand Weapons
 Y - a +2 sling (weapon)
Armour
 h - a +0 ring mail (worn)
Jewellery
 g - a ring of positive energy (left hand)
Scrolls
 b - a scroll of identify
Potions
 d - a potion of mutation
 e - 2 potions of curing
 f - a potion of ambrosia {unknown}

Dungeon Overview and Level Annotations

Branches:
Dungeon (4/15)
 Temple: D:4-7

Altars:
Elyvilon
Hepliaklqana
Ru

Annotations:
D:3 1 runed translucent door, qw's ghost, amateur GrHs


Message History

The jackal bites you but does no damage.
You shoot a sling bullet.
The sling bullet completely misses the jackal.
The jackal barely misses you. x2
You shoot a sling bullet. The sling bullet hits the jackal.
The jackal is lightly wounded.
You hear a bark!
The jackal misses you.
A jackal comes into view.
The jackal barely misses you.
You shoot a sling bullet. The sling bullet hits the jackal.
The jackal is severely wounded.
The jackal bites you.
You shoot a sling bullet. The sling bullet hits the jackal.
You kill the jackal!
You shoot a sling bullet.
The sling bullet barely misses the jackal.
The jackal bites you but does no damage.
The jackal barely misses you.
You shoot a sling bullet. The sling bullet hits the jackal.
You kill the jackal!
You start resting.
HP restored.
You see here a jackal corpse.
An ogre comes into view. It is wielding a +0 giant club.
Found a coppery potion.
The ogre shouts!
The ogre closely misses you.
You shoot a sling bullet. The sling bullet hits the ogre.
The ogre is lightly wounded.
The ogre hits you with a +0 giant club!!
Ouch! That really hurt!
You shoot a sling bullet.
The sling bullet closely misses the ogre.
The ogre closely misses you.
You shoot a sling bullet. The sling bullet hits the ogre!
The ogre is moderately wounded.
The ogre hits you with a +0 giant club!!
Ouch! That really hurt!
You die...

#.# #.# ##.#
##.#.#
##%###.# #
####.## #(.#
#...## #.##
#.##.## ##...#
#.....###@.#.#
#.####.#.#O# #
# ##.##.# ###
!# .. .. ...
##.


You could see an ogre.

Vanquished Creatures
  A water moccasin (D:4)
  A sleepcap (D:4)
  5 adders
  2 worms (D:2)
  A dart slug (D:1)
  3 orcs
  5 ball pythons
  8 endoplasms
  5 giant cockroaches
  4 goblins
  8 hobgoblins
  12 jackals
  6 kobolds
  5 quokkas
  4 bats
  2 frilled lizards
  5 rats
77 creatures vanquished.

Notes
Turn   | Place    | Note
-------+----------+-------------------------------------------
     0 | D:1      | qw the Gargoyle Hexslinger began the quest for the Orb.
     0 | D:1      | Reached XP level 1. HP: 12/12 MP: 2/2
     0 | D:1      | 0 ||| qw: Version: 0.3-a-52-g30416fa
     0 | D:1      | 0 ||| qw: Game counter: 5194
     0 | D:1      | 0 ||| qw: Melee chars always use a shield: true
     0 | D:1      | 0 ||| qw: God list: Okawaru
     0 | D:1      | 0 ||| qw: Allow faded altars: false
     0 | D:1      | 0 ||| qw: Do Orc after clearing Dungeon:15 true
     0 | D:1      | 0 ||| qw: Do second Lair branch before Depths: true
     0 | D:1      | 0 ||| qw: Lair rune preference: random
     0 | D:1      | 0 ||| qw: Goals: Normal
     0 | D:1      | 0 ||| PLANNING D:1-11
    88 | D:1      | Reached XP level 2. HP: 15/16 MP: 3/3
   111 | D:1      | Found a faded altar of an unknown god.
   218 | D:1      | Reached skill level 3 in Ranged Weapons
   519 | D:1      | Reached XP level 3. HP: 21/21 MP: 4/4
   638 | D:1      | 638 ||| UPGRADING to ring of positive energy.
   639 | D:1      | 639 ||| READING scroll labelled TEIKKAA IGARORCH.
   640 | D:1      | 640 ||| READING 2 scrolls labelled DIWIZU NOENA.
   641 | D:1      | 641 ||| DRINKING 2 cyan potions.
   641 | D:1      | Gained mutation: Your body sometimes deteriorates upon
                  | taking damage. [potion of mutation]
   642 | D:1      | 642 ||| DROPPING scroll of poison.
   643 | D:1      | 643 ||| DROPPING scroll of noise.
  1148 | D:2      | Reached XP level 4. HP: 26/26 MP: 5/5
  1247 | D:2      | Reached skill level 4 in Ranged Weapons
  1564 | D:2      | 1564 ||| UPGRADING to +0 leather armour.
  1574 | D:2      | 1574 ||| DROPPING +0 robe.
  1575 | D:2      | 1575 ||| UPGRADING to +0 ring mail.
  1585 | D:2      | 1585 ||| DROPPING +0 leather armour.
  1586 | D:2      | 1586 ||| READING scroll labelled JUIRHIQITUO.
  1587 | D:2      | 1587 ||| DRINKING 2 dark potions.
  1588 | D:2      | 1588 ||| DRINKING 2 viscous silvery potions.
  1624 | D:2      | 1624 ||| DROPPING potion of lignification.
  1655 | D:3      | Noticed qw's ghost (amateur GrHs)
  1655 | D:3      | Found a runed translucent door.
  1674 | D:3      | Reached skill level 1 in Armour
  1698 | D:3      | Found a sacrificial altar of Ru.
  1701 | D:3      | Found a white marble altar of Elyvilon.
  1726 | D:3      | Found a hazy altar of Hepliaklqana.
  1821 | D:3      | Reached XP level 5. HP: 30/30 MP: 6/6
  2189 | D:3      | 2189 ||| READING 2 scrolls labelled AZEPRO FAPTAFA.
  2190 | D:3      | 2190 ||| READING scroll labelled OLUUSEPN DEUSK.
  2191 | D:3      | 2191 ||| READING scroll labelled OMOIHILOGG.
  2192 | D:3      | 2192 ||| DRINKING 2 fuming grey potions.
  2200 | D:4      | Noticed a water moccasin
  2215 | D:4      | Killed a water moccasin
  2216 | D:4      | Reached skill level 5 in Ranged Weapons
  2216 | D:4      | Reached XP level 6. HP: 13/35 MP: 7/7
  2224 | D:4      | HP: 9/36 [frozen (5)]
  2225 | D:4      | 2225 ||| DRINKING potion of heal wounds.
  2274 | D:4      | Mangled by an ogre

Levels and vault maps discovered:
D:1:      dpeg_arrival_tiny_d, layout_loops_ring, basic_ecumenical_altar
D:2:      layout_basic
D:3:      layout_rooms, grunt_temple_overflow_open,
          mainiacjoe_overflow_alcove_1, gammafunk_ghost_grave,
          chequers_hall_statues_y
D:4:      layout_loops_ring, dk_noncrumbling_3

Skill      XL: |  1  2  3  4  5 |
---------------+----------------+-----
Ranged Weapons | 3 4 5 |  5.8
Fighting       | 2 |  2.5
Armour         | 1 |  1.0
Dodging        | |  1.5
Spellcasting   | |  1.0
Hexes          | |  2.6

Action                     |  1- 3 |  4- 6 || total
---------------------------+-------+-------++-------
   Fire: Sling             |   110 |   155 ||   265
    Use: Scroll            |     2 |     4 ||     6
         Potion            |     1 |     4 ||     5
 Armour: Robe              |     5 |    11 ||    16
         Ring mail         |       |    33 ||    33
  Dodge: Dodged            |    28 |    68 ||    96

Table legend:
 A = Non-vault XP
 B = Vault XP
 C = Vault XP percentage of total XP
 D = Non-vault monster count
 E = Vault monster count
 F = Vault count percentage of total count
                 A         B        C        D         E       F
            +---------+---------+-------+---------+---------+-------
      Total |     393 |       0 |   0.0 |      77 |       0 |   0.0
            +---------+---------+-------+---------+---------+-------
        D:1 |      41 |       0 |   0.0 |      23 |       0 |   0.0
        D:2 |      76 |       0 |   0.0 |      26 |       0 |   0.0
        D:3 |      75 |       0 |   0.0 |      21 |       0 |   0.0
        D:4 |     201 |       0 |   0.0 |       7 |       0 |   0.0
            +---------+---------+-------+---------+---------+-------
